AoeStats
← goeinicholas

Arena

510026477Analyzed
2v2 RM · 3d ago on Sep 29, 2026· 41m 43s· 4 players
Game mode
Random Map
Map size
Medium (4 player)
Population
200
Speed
Normal
Resources
Standard
Victory
Conquest
Starting age
Dark Age
Ending age
Imperial Age
RankedLock teamsTeams togetherTeam positionsShared explorationLock speedFull tech treeHidden civsTurbo modeCheats
Victory
Defeat
🇮🇩 Wei · Indonesia
1372
+16
🇺🇸 Sicilians · United States
1333
+18
🇲🇽 Maya · Mexico
1378
-17
🇲🇽 Aztecs · Mexico
1378
-17
slc
0:38 Loom
6:28 Loom
30:20 Feudal Age
33:42 Castle Age
31:38 Double-Bit Axe
31:36 Horse Collar
32:41 Gold Mining
34:44 Bow Saw
34:50 Heavy Plow
36:03 Wheelbarrow
35:47 Fletching
36:00 Scale Mail Armor
36:20 Stone Mining
39:07 Stone Shaft Mining
41:11 Masonry
40:56 Murder Holes
41:23 Ballistics
41:00 Bodkin Arrow
41:33 Hand Cart
42:01 First Crusade
42:00 Chain Mail Armor
41:57 Forging
goeinicholas
10:40 Feudal Age
11:37 Horse Collar
14:26 Castle Age
12:39 Double-Bit Axe
12:43 Horse Collar
15:50 Bow Saw
17:23 Loom
20:24 Heavy Plow
22:07 Wheelbarrow
22:17 Gold Mining
22:18 Stone Mining
23:40 Gold Shaft Mining
24:58 Scale Barding Armor
25:03 Forging
25:12 Husbandry
28:00 Imperial Age
26:08 Chain Barding Armor
26:19 Bloodlines
27:58 Iron Casting
28:05 Hand Cart
28:18 Heavy Hei Guang Cavalry
29:59 Blast Furnace
29:26 Ming Guang Armor
30:45 Fletching
33:12 Bodkin Arrow
34:07 Thumb Ring
35:27 Ballistics
36:08 Chemistry
35:46 Bracer
35:47 Padded Archer Armor
39:12 Leather Archer Armor
41:44 Parthian Tactics
Torrijos_117
0:26 Loom
9:51 Feudal Age
9:57 Man-at-Arms
21:17 Castle Age
24:22 Fletching
29:44 Bodkin Arrow
31:45 Double-Bit Axe
39:27 Crossbowman
joseja.0550
11:14 Feudal Age
12:40 Double-Bit Axe
15:00 Castle Age
12:51 Horse Collar
15:30 Wheelbarrow
31:10 Imperial Age
29:09 Forging
28:35 Pikeman
29:15 Squires
29:43 Scale Mail Armor
30:37 Iron Casting
30:57 Chain Mail Armor
32:19 Garland Wars
32:19 Conscription
36:08 Plate Mail Armor
36:39 Blast Furnace
38:12 Elite Skirmisher
38:47 Fletching
40:00 Chemistry
38:52 Heated Shot
39:25 Ballistics
Connection lost

Rejoining the realm…

Still unreachable

The connection could not be restored.

Session expired

The server has moved on; the page needs a fresh start.